Map: Dusk Towers

Players

Coemgen

  • Race: Terran Terran
  • League: Bronze

pansit - Winner!

  • Race: Protoss Protoss
  • League: Gold

VOD

Have the link to the VOD?

Description

Time

  • Played on: May 19, 2016, 10:45 a.m.
  • Length: 9:15
Show
View Real Time Build Order
Export as new Build Order

Coemgen Terran 

Build Orders: Liberator Opening, MMM Bio 

Get SALT Encoding   

  12  0:01  SCV  
  13  0:15  Supply Depot  
  13  0:21  Refinery  
  13  0:24  SCV  
  14  0:40  Barracks  
  14  0:45  SCV  
  15  0:53  Refinery  
  15  1:03  Supply Depot  
  15  1:15  SCV  
  16  1:27  SCV  
  17  1:40  Marine  
  18  1:48  Factory  
  19  2:04  Barracks Reactor  
  18  2:10  Orbital Command  
  18  2:38  Factory Reactor  
  18  2:39  Starport  
  18  2:41  Marine x2  
  20  2:49  SCV  
  21  2:58  Supply Depot  
  21  2:59  Marine x2  
  21  3:01  SCV  
  24  3:14  Liberator x2  
  30  3:34  Barracks  
  30  3:37  Widow Mine  
  30  3:41  Marine x2  
  34  3:52  Supply Depot  
  34  3:53  SCV  
  35  3:59  Marine  
  35  4:01  Marine  
  37  4:17  Marine  
  37  4:19  Marine  
  37  4:21  SCV  
  40  4:25  Supply Depot  
  40  4:26  Barracks Tech Lab  
  40  4:29  Factory Tech Lab  
  40  4:33  SCV  
  42  4:45  SCV  
  39  5:36  Command Center  
  39  5:40  Medivac  
  39  5:41  Medivac  
  43  5:44  Barracks  
  43  5:47  Barracks  
  43  5:51  Stimpack  
  43  5:55  Marine  
  43  5:56  Marine  
  46  5:58  Liberator  
  46  6:02  Marauder  
  44  6:13  Marine x2  
  49  6:26  Marauder  
  49  6:31  Marine  
  52  6:42  SCV  
  53  6:48  Marauder  
  53  6:50  Orbital Command  
  53  6:54  Barracks Reactor, SCV  
  55  6:56  Barracks Reactor  
  55  6:59  Marine  
  57  7:06  SCV  
  58  7:18  SCV  
  59  7:30  SCV  
  60  7:47  Marine x2, Marauder  
  60  7:48  Marine x4  
  68  7:51  Combat Shields  
  68  8:01  Supply Depot  
  68  8:05  Marine x4  
  68  8:06  Marine x2  
  68  8:09  Marauder  
  76  8:23  Marine x5  
  76  8:24  Supply Depot  
  76  8:25  Marine  
  70  8:30  Marauder  
  62  8:41  Marine x2  
  57  8:51  Marauder  
Show
View Real Time Build Order
Export as new Build Order

pansit Protoss - Winner!

Build Orders: 1 Gate Expand 

Get SALT Encoding   

  12  0:01  Probe (Chrono Boost)  
  13  0:11  Probe (Chrono Boost)  
  14  0:17  Pylon  
  14  0:22  Probe (Chrono Boost)  
  15  0:36  Probe (Chrono Boost)  
  15  0:38  Gateway  
  16  0:46  Probe (Chrono Boost)  
  16  0:48  Assimilator  
  18  0:57  Probe (Chrono Boost)  
  18  1:07  Probe (Chrono Boost)  
  19  1:24  Nexus  
  19  1:40  Probe (Chrono Boost)  
  19  1:46  Cybernetics Core  
  20  1:51  Probe (Chrono Boost)  
  21  2:00  Assimilator  
  21  2:04  Probe (Chrono Boost)  
  21  2:14  Pylon  
  21  2:15  Probe (Chrono Boost)  
  22  2:24  Warp Gate (Chrono Boost)  
  22  2:32  Stalker  
  22  2:33  Mothership Core (Chrono Boost)  
  26  2:39  Probe (Chrono Boost)  
  27  2:48  Gateway  
  27  2:49  Gateway  
  27  2:51  Probe (Chrono Boost)  
  28  2:52  Probe (Chrono Boost)  
  29  3:01  Probe (Chrono Boost)  
  29  3:02  Probe (Chrono Boost)  
  29  3:04  Adept  
  33  3:13  Probe x2 (Chrono Boost)  
  35  3:26  Forge  
  35  3:27  Probe x2 (Chrono Boost)  
  37  3:31  Pylon  
  37  3:37  Probe (Chrono Boost)  
  37  3:38  Probe  
  39  3:49  Probe  
  39  3:50  Probe  
  41  4:02  Robotics Facility, Probe  
  41  4:03  Protoss Ground Weapons Level 1 (Chrono Boost)  
  41  4:04  Probe  
  41  4:07  Assimilator  
  43  4:13  Probe  
  43  4:16  Probe  
  45  4:23  Pylon  
  45  4:24  Probe  
  45  4:26  Sentry  
  45  4:27  Sentry  
  45  4:28  Adept  
  45  4:30  Probe  
  53  4:34  Probe  
  54  4:40  Assimilator  
  54  4:41  Pylon  
  54  4:42  Probe  
  55  5:04  Stalker x3  
  61  5:14  Probe  
  61  5:15  Probe  
  61  5:17  Immortal  
  65  5:34  Stalker x2  
  69  5:55  Probe  
  70  6:04  Pylon  
  70  6:05  Probe  
  70  6:07  Pylon  
  70  6:09  Pylon  
  67  6:24  Probe  
  67  6:26  Probe  
  67  6:27  Stalker  
  67  6:28  Stalker x2  
  79  6:35  Observer  
  76  6:44  Pylon  
  76  6:47  Protoss Ground Armor Level 1 (Chrono Boost)  
  76  6:56  Photon Cannon  
  76  6:59  Photon Cannon  
  76  7:04  Adept x3  
  82  7:09  Nexus  
  82  7:10  Warp Prism (Chrono Boost)  
  82  7:12  Probe, Pylon  
  82  7:13  Probe  
  86  7:29  Probe x2  
  87  8:01  Probe x2  
  93  8:06  Immortal (Chrono Boost)  
  93  8:13  Probe x2  
  95  8:24  Adept x3  
  95  8:25  Probe  
  91  8:41  Pylon  
  88  8:49  Stalker  
  88  8:50  Stalker x2  
Tags
 
Add a new tag
Caveats
  • Supply blocks, unpowered buildings, or Contaminate may cause inaccurate times.
  • Supply counts are checked every 10 seconds.